 Dungeon Crawl Stone Soup version 0.22.0-6-g71bd7aa (webtiles) character file.

96 letownia2 the Insei (level 4, 4/32 HPs)
             Began as a Demonspawn Transmuter on Aug 15, 2018.
             Quit the game on level 3 of the Dungeon.
             The game lasted 00:06:38 (1001 turns).

letownia2 the Insei (Demonspawn Transmuter)         Turns: 1001, Time: 00:06:39

Health: 4/32       AC:  9    Str: 11    XL:     4   Next: 41%
Magic:  7/7        EV: 10    Int: 14    God:
Gold:   148        SH:  0    Dex: 14    Spells: 4/7 levels left

rFire    + . .     SeeInvis +   c - +0 blowgun
rCold    . . .     Gourm    .   (no shield)
rNeg     . . .     Faith    .   l - +0 ring mail
rPois    .         Spirit   .   e - +2 helmet
rElec    .         Reflect  .   (no cloak)
rCorr    .         Harm     .   h - +0 pair of gloves
MR       .....                  (no boots)
Stlth    +.........             (no amulet)
HPRegen  0.10/turn              k - ring of see invisible
MPRegen  0.10/turn              (no ring)

@: no status effects
A: fire resistance 1
a: no special abilities


You were on level 3 of the Dungeon.
You were very hungry.

You visited 1 branch of the dungeon, and saw 4 of its levels.

You collected 148 gold pieces.

Inventory:

Hand Weapons
 c - a +0 blowgun (weapon)
Missiles
 a - 30 arrows
 m - 48 poisoned needles (quivered)
Armour
 b - a +0 robe
 e - a +2 helmet (worn)
 h - a +0 pair of gloves (worn)
 l - a +0 ring mail (worn)
 n - a +0 scale mail
Jewellery
 k - a ring of see invisible (left hand)
Wands
 p - a wand of disintegration (12)
Scrolls
 f - 2 scrolls of identify {unknown}
 g - 2 scrolls of teleportation {unknown}
 j - a scroll of remove curse {unknown}
Potions
 o - a potion of mutation {unknown}
Comestibles
 d - 7 rations


   Skills:
 - Level 1.0 Fighting
 - Level 1.7 Dodging
 + Level 4.6 Unarmed Combat
 - Level 2.0 Spellcasting
 + Level 2.1 Transmutations


You had 4 spell levels left.
You knew the following spells:

 Your Spells              Type           Power        Failure   Level  Hunger
a - Beastly Appendage     Tmut           #.....       24%         1    ##.....
l - Sticks to Snakes      Tmut           #.......     34%         2    ###....

Your spell library contained the following spells:

 Spells                   Type           Power        Failure   Level  Hunger
 Spider Form              Tmut/Pois      #.........   73%         3    ####...
 Blade Hands              Tmut           #.........   100%        5    ######.
 Ice Form                 Ice/Tmut       #.......     98%         4    #####..


Dungeon Overview and Level Annotations

Branches:
Dungeon (4/15)
 Temple: D:4-7

Altars:


Innate Abilities, Weirdness & Mutations

Your flesh is heat resistant. (rF+)


Message History

You feel sick.
You start resting.
You feel sick. x7
Your transformation is almost over.
Unknown command.
You start resting.
You feel sick. x2
You feel less wooden.
Your +2 helmet unmelds from your body.
Your +0 pair of gloves unmelds from your body.
Your +0 ring mail unmelds from your body.
Unknown command.
You start resting.
You feel sick. x2
You are no longer poisoned.
Unknown command.
m - 47 poisoned needles (gained 2)
m - 48 poisoned needles (gained 1) Put on which piece of jewellery? (? for menu, Esc to quit)
Okay, then.
Are you sure you want to abandon this character and quit the game? (Confirm with "yes".)

...##....##....#. #.......#
......##.........##.......#
....#######...............#
....# #....#..........#
.##... ##....#...........
.# #... #.......#.........
.# ... .............####.
.............#
.......@...#...#
##...............
#.........###....
#.........# .###
#.........# . #.........#
#.......... #...........


There were no monsters in sight!

Vanquished Creatures
  A bullfrog skeleton (D:4)
  2 adders (D:2)
  An ooze (D:3)
  A leopard gecko (D:1)
  An orc (D:3)
  A ball python (D:1)
  3 giant cockroaches (D:1)
  4 hobgoblins
  6 jackals
  4 bats
  3 frilled lizards
  8 goblins
  4 kobolds
  2 rats (D:1)
41 creatures vanquished.

Notes
Turn   | Place    | Note
-------+----------+-------------------------------------------
     0 | D:1      | letownia2 the Demonspawn Transmuter began the quest for the Orb.
     0 | D:1      | Reached XP level 1. HP: 15/15 MP: 3/3
   136 | D:1      | Reached skill level 3 in Unarmed Combat
   203 | D:1      | Gained mutation: Your flesh is heat resistant. (rF+) [demonic ancestry]
   203 | D:1      | Reached XP level 2. HP: 18/21 MP: 1/5
   401 | D:2      | Reached XP level 3. HP: 23/26 MP: 4/6
   418 | D:2      | Learned a level 2 spell: Sticks to Snakes
   481 | D:2      | Reached skill level 4 in Unarmed Combat
   841 | D:4      | Reached XP level 4. HP: 20/32 MP: 0/7
   908 | D:4      | Noticed an ogre
  1001 | D:3      | Quit the game

Skill      XL: |  1  2  3 |
---------------+----------+-----
Unarmed Combat | 3 4 |  4.6
Transmutations | 2 |  2.1
Fighting       | |  1.0
Dodging        | |  1.7
Spellcasting   | |  2.0

Action                   |  1- 3 |  4- 6 || total
-------------------------+-------+-------++-------
Melee: Unarmed           |   110 |     2 ||   112
       Kick              |    22 |       ||    22
 Cast: Beastly Appendage |    21 |     1 ||    22
       Sticks to Snakes  |     1 |       ||     1
  Use: Potion            |       |     2 ||     2
 Stab: Sleeping          |     1 |       ||     1
Armor: Robe              |    39 |       ||    39
       Ring mail         |     5 |     1 ||     6
Dodge: Dodged            |    74 |     6 ||    80
